 Dungeon Crawl Stone Soup version 0.30-a0-292-g0f741e3f8e (webtiles) character file.

Game seed: 7376687190629352031

183 chippings the Poker (level 5, 0/42 HPs)
             Began as a Merfolk Gladiator on Oct 17, 2022.
             Was a Priest of Lugonu.
             Splashed by a jelly's acid (5 damage)
             ... in a sewer.
             The game lasted 00:05:40 (2425 turns).

chippings the Poker (Merfolk Gladiator)             Turns: 2425, Time: 00:05:41

Health: 0/42       AC: -7    Str: 14    XL:     5   Next: 62%
Magic:  7/7        EV: 13    Int:  7    God:    Lugonu [***...]
Gold:   120        SH:  0    Dex: 18    Spells: 4/4 levels left

rFire   . . .      SeeInvis .    i - +2 dagger (vamp)
rCold   . . .      Faith    .    (no shield)
rNeg    . . .      Spirit   .    b - +0 leather armour
rPois   .          Reflect  .    c - +0 helmet
rElec   .          Harm     .    t - +0 cloak
rCorr   .          Rampage  .    (no gloves)
Will    .....                    (no boots)
Stlth   ++........               (no amulet)
HPRegen 0.27/turn                (no ring)
MPRegen 0.10/turn                (no ring)

@: corroded
A: (nimble swimmer 2), mertail
a: Renounce Religion, Depart the Abyss, Bend Space, Banish


You were in a sewer.
You worshipped Lugonu.
Lugonu was most pleased with you.
You visited 1 branch of the dungeon, and saw 4 of its levels.
You also visited: Sewer.

You collected 120 gold pieces.

Inventory:

Hand Weapons
 i - a +2 vampiric dagger (weapon)
Missiles
 d - a throwing net (quivered)
 e - a javelin
Armour
 b - a +0 leather armour (worn)
 c - a +0 helmet (worn)
 t - a +0 cloak (worn)
Magical Staves
 n - a staff of conjuration
Jewellery
 q - a ring of flight
 r - an amulet of regeneration
Scrolls
 f - a scroll of magic mapping {unknown}
 g - 4 scrolls of teleportation {unknown}
 j - 3 scrolls of identify {unknown}
 k - a scroll of enchant weapon {unknown}
 m - a scroll of acquirement {unknown}
 o - a scroll of enchant armour {unknown}
 p - a scroll of silence {unknown}
 s - a scroll of torment {unknown}
Potions
 a - 2 potions of degeneration {unknown}
 h - a potion of mutation {unknown}
 l - a potion of haste {unknown}


   Skills:
 + Level 3.9 Fighting
 + Level 2.4 Short Blades
 - Level 4.7 Polearms
 - Level 2.0 Throwing
 - Level 4.0 Dodging
 + Level 1.5 Stealth
 + Level 2.7 Invocations


You had 4 spell levels left.
You didn't know any spells.
Your spell library contained the following spells:

 Spells                   Type           Power      Damage    Failure   Level
 Beastly Appendage        Tmut           0%         N/A       52%         1
 Ensorcelled Hibernation  Hex/Ice        0%         N/A       65%         2
 Passwall                 Tmut/Erth      0%         N/A       65%         2
 Wereblood                Tmut           0%         N/A       65%         2
 Ozocubu's Armour         Ice            0%         N/A       87%         3
 Spider Form              Tmut/Pois      0%         N/A       87%         3
 Swiftness                Air            0%         N/A       87%         3
 Ozocubu's Refrigeration  Ice            0%         4d7       100%        7


Dungeon Overview and Level Annotations

Branches:
Dungeon (4/15)              Sewer (1/1)
 Temple: D:4-7

Altars:
Dithmenos
The Shining One
Lugonu

Annotations:
D:3 Sigmund


Innate Abilities, Weirdness & Mutations

((You are very nimble when in or above water. (Stealth+, EV+, Speed+++)))
Your lower body shifts to a powerful aquatic tail in water.


Message History

Your legs become a tail as you enter the water.
Found an amethyst potion.
A jelly comes into view.
A jelly is nearby!
The jelly quivers.
You hit the jelly.
Your hands burn!
The jelly is lightly wounded.
The jelly barely misses you.
You hit the jelly.
You feel better.
Your hands burn!
The jelly is lightly wounded.
The jelly hits you but does no damage.
You barely miss the jelly.
The jelly is lightly wounded.
The jelly barely misses you.
You hit the jelly.
You feel better. The acid corrodes you!
Your hands burn!
The jelly is heavily wounded.
The jelly completely misses you.
You hit the jelly.
You feel better.
Your hands burn!
The jelly is severely wounded.
The jelly hits you. The acid corrodes you!
You are splashed with acid.
You are too injured to fight recklessly!
You hit the jelly.
You feel better. The acid corrodes you!
Your hands burn!
The jelly is almost dead.
You hit the jelly but do no damage.
Your hands burn!
The jelly is almost dead.
The jelly closely misses you.
You hit the jelly but do no damage. The acid corrodes you!
Your hands burn!
The jelly is almost dead.
The jelly hits you. The acid corrodes you!
You are splashed with acid.
* * * LOW HITPOINT WARNING * * *
You hit the jelly but do no damage.
Your hands burn!
* * * LOW HITPOINT WARNING * * *
The jelly is almost dead.
The jelly closely misses you.
You hit the jelly but do no damage.
Your hands burn!
* * * LOW HITPOINT WARNING * * *
The jelly is almost dead.
The jelly misses you.
You hit the jelly but do no damage.
Your hands burn!
You die...

#.~ ###...# #.~#
##.~~~~# .~.~#
##..~~~##
~~~~~##....###
#.~~.~†~##~.
##.~~.†##.~!
..##~.~.#...##
#.~~.~~..##.~J##
##~.~~...~##.@.#
~.~.~.~#~..#~..#
.~~#~~.##~.~.~##
####..# ##~.~##
#~~. ##### .~~~#
~..#


You could see a jelly.

Vanquished Creatures
  3 river rats (Sewer)
  9 adders
  2 worms (Sewer)
  A dart slug (D:2)
  8 ball pythons
  16 endoplasms
  9 giant cockroaches
  3 hobgoblins
  3 jackals (D:2)
  A quokka (D:2)
  2 bats (D:1)
  3 frilled lizards
  A goblin (D:3)
  5 kobolds
  2 rats (Sewer)
68 creatures vanquished.

Notes
Turn   | Place    | Note
-------+----------+-------------------------------------------
     0 | D:1      | chippings the Merfolk Gladiator began the quest for the
                  | Orb.
     0 | D:1      | Reached XP level 1. HP: 16/16 MP: 1/1
   101 | D:1      | Found a faded altar of an unknown god.
   119 | D:1      | Prayed at the altar of an unknown god.
   119 | D:1      | Became a worshipper of Lugonu the Unformed
   119 | D:1      | Reached * piety under Lugonu
   119 | D:1      | Reached ** piety under Lugonu
   171 | D:1      | Reached XP level 2. HP: 23/23 MP: 2/2
   839 | D:2      | Reached skill level 1 in Invocations
   839 | D:2      | Reached XP level 3. HP: 14/29 MP: 3/3
   980 | D:2      | Reached skill level 1 in Short Blades
   991 | D:2      | Reached XP level 4. HP: 35/35 MP: 5/5
  1048 | D:2      | Found a shadowy altar of Dithmenos.
  1963 | D:3      | Found a glowing golden altar of the Shining One.
  2053 | D:3      | Noticed Sigmund
  2102 | D:4      | Found a glowing drain.
  2137 | D:4      | Reached XP level 5. HP: 36/41 MP: 6/6
  2146 | Sewer    | Entered a sewer
  2170 | Sewer    | Reached *** piety under Lugonu
  2188 | Sewer    | Reached skill level 1 in Stealth
  2425 | Sewer    | Splashed by a jelly's acid

Illustrated notes

Levels and vault maps discovered:
D:1:      kennysheep_arrival_seaside, layout_loops_ring,
          chequers_ecumenical_altar_island, nicolae_figureground_sparkle
D:2:      layout_rooms, basic_altar, roderic_lattice_a, dk_noncrumbling_4,
          minmay_pentomino_s2
D:3:      minmay_evil_eye, layout_loops_ring, tso_altar,
          mainiacjoe_overflow_alcove_2, uniq_sigmund
D:4:      layout_basic, minmay_temple_entry_junction, gup_sewer_entry_glass
Sewer:    sewer_hellmonk_slimy_pipes

Skill      XL: |  1  2  3  4  5 |
---------------+----------------+-----
Fighting       | 3 |  3.9
Invocations    | 1 2 |  2.7
Short Blades   | 1 2 |  2.4
Stealth        | 1 |  1.5
Polearms       | |  4.7
Throwing       | |  2.0
Dodging        | |  4.0

Action                   |  1- 3 |  4- 6 || total
-------------------------+-------+-------++-------
Melee: Trident           |    21 |       ||    21
       Tailslap          |     2 |    10 ||    12
       Dagger            |    79 |   215 ||   294
       Punch             |       |     1 ||     1
Throw: Javelin           |     1 |       ||     1
       Throwing net      |       |     2 ||     2
 Stab: Sleeping          |     2 |     5 ||     7
Armor: Leather armour    |    28 |    48 ||    76
Dodge: Dodged            |    73 |   114 ||   187

Table legend: (Time is in decaauts)
 A = Elapsed time spent in this place.
 B = Non-inter-level travel time spent in this place.
 C = Inter-level travel time spent in this place.
 D = Time resting spent in this place.
 E = Time spent auto-exploring this place.
 F = Levels seen in this place.
 G = Mean time per level.
                   A        B        C        D        E       F      G
               +--------+--------+--------+--------+--------+-----+--------+
         Total |   2377 |   2279 |     98 |      0 |   1481 |   5 |  475.4 |
       Dungeon |   2124 |   2026 |     98 |      0 |   1388 |   4 |  531.0 |
         Sewer |    253 |    253 |      0 |      0 |     93 |   1 |  253.0 |
               +--------+--------+--------+--------+--------+-----+--------+

Top non-repeatable levels by time:
     D:2: 961 daAuts
     D:1: 747 daAuts
     D:3: 375 daAuts
   Sewer: 253 daAuts
     D:4: 40 daAuts
